 Dungeon Crawl Stone Soup version 0.28.0 (webtiles) character file.

Game seed: 15480362429758344636

1386 Fractals the Skirmisher (level 8, -7/54 (68) HPs)
             Began as a Grey Draconian Air Elementalist on Feb 14, 2022.
             Was an Initiate of Gozag.
             Mangled by Maggie (8 damage)
             ... on level 6 of the Dungeon.
             The game lasted 00:14:32 (7037 turns).

Fractals the Skirmisher (DrAE)                      Turns: 7037, Time: 00:14:33

HP:   -7/54 (68)    AC: 19    Str: 13    XL:     8   Next: 40%
MP:   4/4           EV: 11    Int: 16    God:    Gozag
Gold: 189           SH:  8    Dex: 11    Spells: 7/15 levels left

rFire   + . .      SeeInvis .   x - +2 war axe (antimagic)
rCold   . . .      Faith    .   u - +0 kite shield
rNeg    . . .      Spirit   .   (armour unavailable)
rPois   .          Reflect  .   (helmet restricted)
rElec   .          Harm     .   (no cloak)
rCorr   .          Rampage  .   r - +2 pair of gloves
Will    .....                   l - +0 pair of boots
Stlth   ++........              (no amulet)
HPRegen 0.18/turn               n - +4 ring of protection
MPRegen 0.09/turn               m - ring of protection from fire

@: mighty, heavily drained
A: AC +11, amphibious, unfitting armour, cold-blooded
a: Renounce Religion, Potion Petition, Call Merchant, Bribe Branch


You were on level 6 of the Dungeon.
You worshipped Gozag.
Gozag was aware of your devotion.
You visited 1 branch of the dungeon, and saw 6 of its levels.

You collected 254 gold pieces.
You paid 65 gold pieces to Gozag.

Inventory:

Hand Weapons
 d - a +0 dagger of draining
 j - a +3 dagger
 x - a +2 antimagic war axe (weapon)
Missiles
 b - 89 stones
Armour
 l - a +0 pair of boots (worn)
 r - a +2 pair of gloves (worn)
 u - a +0 kite shield (worn)
Jewellery
 m - a ring of protection from fire (right hand)
 n - a +4 ring of protection (left hand)
Wands
 q - a wand of flame (10)
Scrolls
 a - 6 scrolls of identify
 c - a scroll of enchant armour {unknown}
 f - a scroll of silence {unknown}
 g - a scroll of fear
 h - 2 scrolls of blinking
 i - a scroll of immolation {unknown}
 p - a scroll of holy word
 s - a scroll of summoning {unknown}
 v - a scroll of magic mapping {unknown}
 w - a scroll of enchant weapon {unknown}
Potions
 e - a potion of cancellation
 o - a potion of resistance
 t - a potion of invisibility {unknown}
 z - a potion of heal wounds {unknown}


   Skills:
 - Level 5.0 Fighting
 + Level 4.3 Dodging
 - Level 3.0 Stealth
 + Level 2.9 Shields
 - Level 4.0 Spellcasting
 - Level 4.0 Conjurations
 - Level 3.2 Air Magic
 - Level 3.0 Evocations


You had 7 spell levels left.
You knew the following spells:

 Your Spells              Type           Power      Damage    Failure   Level
a - Shock                 Conj/Air       56%        1d6       12%         1
b - Swiftness             Air            13%        N/A       38%         3
c - Airstrike             Air            6%         N/A       80%         4

Your spell library contained the following spells:

 Spells                   Type           Power      Damage    Failure   Level
 Static Discharge         Conj/Air       14%        N/A       19%         2
 Sticky Flame             Conj/Fire      9%         2d3       92%         4
 Dispel Undead            Necr           3%         3d7       99%         4


Dungeon Overview and Level Annotations

Branches:
Dungeon (6/15)             Temple (0/1) D:6

Altars:
Ashenzari
Gozag
Nemelex Xobeh

Shops:
D:2 !

Portals:
Abyss: D:4

Annotations:
D:3 2 transporters, pkoi's ghost, amateur DrCj
D:4 2 transporters, pdpol's ghost, amateur GrEE
D:6 Maggie


Innate Abilities, Weirdness & Mutations

Your dull iron-grey scales are very hard. (AC +11)
You are amphibious.
You cannot fit into any form of body armour.
You are cold-blooded and may be slowed by cold attacks.


Message History

Maggie is moderately wounded.
Maggie falters for a moment.
Unknown command.
You barely miss Maggie.
Maggie is moderately wounded.
You block Maggie's attack. Maggie closely misses you.
Unknown command.
You hit Maggie.
Maggie's magic leaks into the air.
You tail-slap Maggie, but do no damage.
Maggie is moderately wounded.
Maggie gives herself a magical halo, but it quickly sputters out.
You block Maggie's attack. Maggie hits you but does no damage.
You feel drained.
You hit Maggie but do no damage. You tail-slap Maggie.
Maggie is moderately wounded.
Maggie hits you with a +1 glaive of draining!
You feel drained.
Maggie hits you with a +1 glaive of draining!
You feel drained.
Unknown command.
You hit Maggie but do no damage.
Maggie is moderately wounded.
You break out of your daze.
You block Maggie's attack.
You feel very mighty all of a sudden.
Maggie hits you with a +1 glaive of draining.
You feel drained.
You slice Maggie!!
Maggie's magic leaks into the air.
Maggie is severely wounded.
Maggie hits you with a +1 glaive of draining.
* * * LOW HITPOINT WARNING * * *
You feel drained. Maggie closely misses you.
Unknown command.
You slice Maggie!!
Maggie's magic leaks into the air.
Maggie is almost dead.
Maggie hits you with a +1 glaive of draining!
* * * LOW HITPOINT WARNING * * *
You feel drained.
You die...
Your body crumbles into a pile of gold.

......# ......#
............# ......#
.............#
......#..............
......#....=........
......#............
......#...........
......#..).....$@#
......#.........@#
......#..........#
......#..........#
......#..........#
......#..........#
......#..........#
......'..........#
......#..........#
......#......#+###


You could see Maggie (magic disrupted).

Vanquished Creatures
  An orc warrior (D:6)
  An ice beast (D:2)
  3 necrophages
  A hornet zombie (D:6)
  An ogre (D:6)
  A phantom (D:5)
  A centaur (D:5)
  A scorpion (D:4)
  A wyvern skeleton (D:6)
  A water moccasin skeleton (D:5)
  2 centaur zombies
  A hound (D:4)
  A bullfrog zombie (D:5)
  2 orc priests
  2 centaur skeletons (D:6)
  A bullfrog skeleton (D:6)
  Robin (D:3)
  3 adders
  4 worms (D:2)
  3 dart slugs
  15 orcs
  4 bats
  4 endoplasms
  5 giant cockroaches
  16 goblins
  12 hobgoblins
  10 jackals
  5 kobolds
  4 quokkas
  10 ball pythons
  4 frilled lizards
  6 rats
127 creatures vanquished.

Vanquished Creatures (others)
  2 plants (D:4)
2 creatures vanquished.

Grand Total: 129 creatures vanquished

Notes
Turn   | Place    | Note
-------+----------+-------------------------------------------
     0 | D:1      | Fractals the Draconian Air Elementalist began the quest for
                  | the Orb.
     0 | D:1      | Reached XP level 1. HP: 14/14 MP: 3/3
   291 | D:1      | Reached XP level 2. HP: 20/20 MP: 0/5
  1017 | D:1      | Reached XP level 3. HP: 23/26 MP: 6/6
  1280 | D:2      | Reached skill level 1 in Fighting
  1303 | D:2      | Found Neen Poi's Distillery.
  1527 | D:2      | Found a faded altar of an unknown god.
  1842 | D:2      | Reached XP level 4. HP: 27/35 MP: 7/7
  2111 | D:3      | Noticed an ice beast
  2240 | D:2      | Killed an ice beast
  2241 | D:2      | Reached XP level 5. HP: 17/40 MP: 5/9
  2437 | D:3      | Learned a level 3 spell: Swiftness
  2761 | D:3      | Found a transporter.
  2763 | D:3      | Noticed pkoi's ghost (amateur DrCj)
  2899 | D:3      | Found a broken altar of Ashenzari.
  2904 | D:3      | Noticed Robin
  2946 | D:3      | Killed Robin
  2970 | D:3      | HP: 1/40 [goblin[Robin] (2)]
  3371 | D:3      | Found a transporter.
  3803 | D:4      | Found a transporter.
  3850 | D:4      | Reached XP level 6. HP: 45/48 MP: 10/10
  3894 | D:4      | Found a one-way gate to the infinite horrors of the Abyss.
  3894 | D:4      | Noticed pdpol's ghost (amateur GrEE)
  3894 | D:4      | Noticed a small abomination
  3895 | D:4      | Found a transporter.
  3954 | D:4      | Reached skill level 2 in Fighting
  4760 | D:5      | Entered Level 5 of the Dungeon
  4795 | D:5      | Learned a level 4 spell: Airstrike
  4817 | D:5      | Reached skill level 3 in Fighting
  4899 | D:5      | Noticed an orc warrior
  5103 | D:5      | Your scales start taking on a dull iron-grey colour.
  5103 | D:5      | Reached XP level 7. HP: 40/58 MP: 11/11
  5241 | D:5      | Reached skill level 4 in Fighting
  5266 | D:5      | Reached skill level 1 in Evocations
  5811 | D:5      | Found an opulent altar of Gozag.
  5811 | D:5      | Found a sparkling altar of Nemelex Xobeh.
  5817 | D:5      | Became a worshipper of Gozag Ym Sagoz the Greedy
  6474 | D:6      | Reached XP level 8. HP: 49/67 MP: 14/14
  6621 | D:6      | Reached skill level 1 in Shields
  6722 | D:6      | Reached skill level 5 in Fighting
  6888 | D:6      | Found a staircase to the Ecumenical Temple.
  7017 | D:6      | Noticed Maggie
  7037 | D:6      | HP: 1/56 [Maggie (16)]
  7037 | D:6      | Mangled by Maggie

Illustrated notes

Levels and vault maps discovered:
D:1:      ebering_hopf_link, layout_basic, minmay_misc_feat_columns,
          minmay_misc_feat_plants
D:2:      layout_loops_cross, serial_shops, nicolae_shop_trees,
          basic_ecumenical_altar
D:3:      layout_basic, cheibrodos_ashenzari_chains, gammafunk_ghost_mausoleum,
          grunt_ministairs_13, uniq_robin
D:4:      cheibrodos_old_hovel, layout_loops_ring,
          gammafunk_ghost_abyssal_escape, serial_bayou, serial_bayou_pond_e,
          serial_bayou_pond_b, serial_bayou_ford_a, serial_bayou_pond_d
D:5:      layout_cave_pools, grunt_temple_overflow_opulence,
          grunt_ministairs_11, nicolae_concentric_dashed_squares_mild
D:6:      minmay_diamond_boxcup, layout_gridville, temple_statues,
          chequers_serial_rivers_small_a, uniq_maggie

Skill      XL: |  1  2  3  4  5  6  7  8 |
---------------+-------------------------+-----
Stealth        | 2 3 |  3.0
Conjurations   | 2 3 4 |  4.0
Fighting       | 1 3 4 5 |  5.0
Dodging        | 2 3 4 |  4.3
Spellcasting   | 3 4 |  4.0
Air Magic      | 4 3 |  3.2
Evocations     | 3 |  3.0
Shields        | 2 |  2.9

Action                   |  1- 3 |  4- 6 |  7- 9 || total
-------------------------+-------+-------+-------++-------
Melee: Unarmed           |    13 |       |       ||    13
       Dagger            |    82 |   271 |   121 ||   474
       Tailslap          |    12 |    33 |    32 ||    77
       Punch             |     4 |     4 |     2 ||    10
       War axe           |       |       |    54 ||    54
 Cast: Shock             |    35 |     8 |     1 ||    44
  Use: Scroll            |     1 |     3 |     2 ||     6
       Potion            |       |     1 |     2 ||     3
 Stab: Sleeping          |     4 |     2 |       ||     6
Armor: Skin              |    19 |   107 |   134 ||   260
Dodge: Dodged            |    47 |   148 |   107 ||   302
Block: Kite shield       |       |       |    52 ||    52
